 Dungeon Crawl Stone Soup version 0.27-a0-543-gd81048afd2 (webtiles) character file.

Game seed: 4457606327858188994

527 Gaff the Stinger (level 7, 0/46 HPs)
             Began as a Merfolk Venom Mage on Mar 7, 2021.
             Slain by an ufetubus (3 damage)
             ... on level 6 of the Dungeon.
             The game lasted 00:22:03 (5099 turns).

Gaff the Stinger (Merfolk Venom Mage)               Turns: 5099, Time: 00:22:03

Health: 0/46       AC:  4    Str:  8    XL:     7   Next: 23%
Magic:  14/14      EV: 12    Int: 17    God:
Gold:   191        SH:  0    Dex: 14    Spells: 13/16 levels left

rFire    . . .     SeeInvis .   e - +2 dagger (holy)
rCold    . . .     Faith    .   (no shield)
rNeg     + . .     Spirit   .   l - +2 robe {rN+}
rPois    .         Reflect  .   (no helmet)
rElec    .         Harm     .   (no cloak)
rCorr    +         Rampage  .   (no gloves)
Will     .....                  (no boots)
Stlth    ++........             (no amulet)
HPRegen  0.15/turn              c - +4 ring of slaying
MPRegen  0.14/turn              q - ring of resist corrosion

@: attractive
A: change form in water, amphibious, nimble swimmer 2
a: no special abilities


You were on level 6 of the Dungeon.
You visited 1 branch of the dungeon, and saw 6 of its levels.

You collected 191 gold pieces.

Inventory:

Hand Weapons
 e - a +2 dagger of holy wrath (weapon)
 s - a +3 dagger
Missiles
 d - 3 throwing nets
Armour
 a - a +0 robe
 l - a +2 robe of positive energy (worn)
Jewellery
 c - a +4 ring of slaying (left hand)
 q - a ring of resist corrosion (right hand)
 r - a +4 ring of slaying
Wands
 o - a wand of charming (6)
Scrolls
 b - 2 scrolls of fear {unknown}
 f - 2 scrolls of identify {unknown}
 g - 2 scrolls of immolation {unknown}
 h - 2 scrolls of teleportation {unknown}
 i - 2 scrolls of enchant armour {unknown}
 j - a scroll of fog {unknown}
 m - 2 scrolls of blinking {unknown}
Potions
 k - a potion of attraction
 n - a potion of heal wounds {unknown}
 p - a potion of haste {unknown}


   Skills:
 - Level 2.8 Dodging
 - Level 2.2 Stealth
 + Level 5.1 Spellcasting
 - Level 1.5 Conjurations
 - Level 1.4 Transmutations
 + Level 6.1 Poison Magic


You had 13 spell levels left.
You knew the following spells:

 Your Spells              Type           Power      Damage    Failure   Level
a - Sting                 Tmut/Pois      68%        1d6       3%          1
b - Poisonous Vapours     Pois/Air       28%        N/A       6%          2

Your spell library contained the following spells:

 Spells                   Type           Power      Damage    Failure   Level
 Magic Dart               Conj           36%        1d4       8%          1
 Olgreb's Toxic Radiance  Pois           25%        N/A       12%         4
 Mephitic Cloud           Conj/Pois/Air  13%        N/A       14%         3
 Ignite Poison            Fire/Tmut/Pois 12%        N/A       16%         3
 Blink                    Tloc           N/A        N/A       22%         2
 Call Imp                 Summ           4%         N/A       22%         2
 Slow                     Hex            4%         N/A       22%         2
 Conjure Flame            Conj/Fire      7%         6-21      30%         3


Dungeon Overview and Level Annotations

Branches:
Dungeon (6/15)
 Temple: D:4-7

Altars:
Dithmenos
Makhleb
Okawaru

Annotations:
D:6 Menkaure


Innate Abilities, Weirdness & Mutations

You revert to your normal form in water.
You are amphibious.
You are quick and stealthy while swimming. (Stealth+, EV+, Speed+++)


Message History

The ufetubus hits you.
You see here a +3 dagger.
s - a +3 dagger The ufetubus hits you.
The ufetubus closely misses you. The ufetubus barely misses you. x2
The ufetubus closely misses you.
The ufetubus hits you but does no damage.
The ufetubus barely misses you. The ufetubus closely misses you.
You open the door.
The ufetubus hits you but does no damage.
The ufetubus closely misses you.
Really walk into a travel-excluded area? [Y]es or [N]o only, please.
Really walk into a travel-excluded area?
Menkaure calls on the powers of darkness!
Your body is wracked with pain!
The ufetubus hits you.
* * * LOW HITPOINT WARNING * * *
The ufetubus closely misses you.
There is an open door, spattered with blood here.
Menkaure calls on the powers of darkness!
Your body is wracked with pain!
* * * LOW HITPOINT WARNING * * *
The ufetubus hits you.
* * * LOW HITPOINT WARNING * * *
The ufetubus hits you but does no damage.
It was a potion of attraction.
You feel attractive to monsters. The ufetubus barely misses you.
The ufetubus misses you. Menkaure is pulled toward you!
The ufetubus barely misses you. The ufetubus hits you.
* * * LOW HITPOINT WARNING * * *
The ufetubus barely misses you. The ufetubus misses you.
There is a stone staircase leading down here.
The ufetubus hits you but does no damage. x2
Menkaure barely misses you. The ufetubus barely misses you.
The ufetubus closely misses you.
You climb downwards.
There is a stone staircase leading up here.
The ufetubus hits you.
You die...

#+#+#
####.#.###
........#
#......+
#.@M...#
##+#.5....#
#......<..#
#.........#
#..........#
#..........#
+...........
#............
#.............


You could see Menkaure (fast) and an ufetubus.

Vanquished Creatures
  Sigmund (D:3)
  An ogre (D:4)
  A scorpion (D:4)
  3 worker ants
  4 gnolls (D:2)
  5 adders
  A white imp (D:2)
  4 dart slugs
  3 leopard geckos
  An orc (D:5)
  5 bats
  10 giant cockroaches
  8 goblins
  5 hobgoblins
  A ball python (D:3)
  4 frilled lizards
  11 kobolds
  3 rats (D:1)
71 creatures vanquished.

Notes
Turn   | Place    | Note
-------+----------+-------------------------------------------
     0 | D:1      | Gaff the Merfolk Venom Mage began the quest for the Orb.
     0 | D:1      | Reached XP level 1. HP: 13/13 MP: 3/3
   288 | D:1      | Reached XP level 2. HP: 19/19 MP: 1/5
   624 | D:1      | Reached skill level 1 in Conjurations
   624 | D:1      | Reached XP level 3. HP: 18/24 MP: 3/6
  1475 | D:2      | Found a burning altar of Makhleb.
  1682 | D:2      | Reached XP level 4. HP: 30/30 MP: 5/8
  2087 | D:2      | Reached skill level 4 in Poison Magic
  2405 | D:2      | Reached XP level 5. HP: 16/35 MP: 7/10
  3255 | D:3      | Found an iron altar of Okawaru.
  3434 | D:3      | Noticed Sigmund
  3462 | D:3      | Killed Sigmund
  3463 | D:3      | Reached skill level 5 in Poison Magic
  3463 | D:3      | Reached XP level 6. HP: 32/41 MP: 6/12
  4390 | D:4      | Found a shadowy altar of Dithmenos.
  4460 | D:4      | Reached XP level 7. HP: 41/46 MP: 10/14
  4528 | D:4      | Learned a level 2 spell: Poisonous Vapours
  4536 | D:4      | Reached skill level 5 in Spellcasting
  4536 | D:4      | Reached skill level 6 in Poison Magic
  4776 | D:5      | Entered Level 5 of the Dungeon
  5046 | D:5      | Noticed Menkaure
  5092 | D:5      | HP: 2/46 [ufetubus (4)]
  5099 | D:6      | Slain by an ufetubus

Illustrated notes

Levels and vault maps discovered:
D:1:      lightli_arrival_flooded_house, layout_loops_ring
D:2:      layout_basic, nicolae_overflow_crystal_walls
D:3:      layout_basic, overflow_temple_1_default, uniq_sigmund
D:4:      layout_cave_pools, kennysheep_little_box
D:5:      layout_loops_corners, minmay_misc_feat_five, uniq_blork_the_orc,
          uniq_menkaure
D:6:      layout_basic, lemuel_round_altar, minmay_temple_entry_offerings

Skill      XL: |  1  2  3  4  5  6  7 |
---------------+----------------------+-----
Conjurations   | 1 |  1.5
Spellcasting   | 3 4 5 |  5.1
Poison Magic   | 4 5 6 |  6.1
Dodging        | |  2.8
Stealth        | |  2.2
Transmutations | |  1.4

Action                   |  1- 3 |  4- 6 |  7- 9 || total
-------------------------+-------+-------+-------++-------
Melee: Dagger            |     8 |     1 |     3 ||    12
       Unarmed           |     3 |       |       ||     3
 Cast: Sting             |    47 |    56 |     6 ||   109
       Poisonous Vapours |       |       |     2 ||     2
  Use: Potion            |       |       |     1 ||     1
 Stab: Sleeping          |     2 |       |       ||     2
Armor: Robe              |     8 |     5 |     8 ||    21
Dodge: Dodged            |    26 |    28 |    34 ||    88

Table legend: (Time is in decaauts)
 A = Elapsed time spent in this place.
 B = Non-inter-level travel time spent in this place.
 C = Inter-level travel time spent in this place.
 D = Time resting spent in this place.
 E = Time spent auto-exploring this place.
 F = Levels seen in this place.
 G = Mean time per level.
                   A        B        C        D        E       F      G
               +--------+--------+--------+--------+--------+-----+--------+
         Total |   5094 |   4904 |    190 |    532 |   3529 |   6 |  849.0 |
       Dungeon |   5094 |   4904 |    190 |    532 |   3529 |   6 |  849.0 |
               +--------+--------+--------+--------+--------+-----+--------+

Top non-repeatable levels by time:
     D:2: 1737 daAuts
     D:1: 1349 daAuts
     D:3: 1123 daAuts
     D:4: 561 daAuts
     D:5: 320 daAuts
     D:6: 1 daAuts
